 Dungeon Crawl Stone Soup version 0.14-a0-3247-g5fd345f (webtiles) character file.

217 Psiweapon the Bolt Thrower (level 4, 0/25 HPs)
             Began as a Kobold Hunter on Mar 12, 2014.
             Killed from afar by Sigmund (8 damage)
             ... with a magic dart
             ... on Level 3 of the Dungeon.
             The game lasted 00:07:20 (2257 turns).

Psiweapon the Bolt Thrower (Kobold Hunter)          Turns: 2257, Time: 00:07:20

HP   0/25        AC  6     Str 11      XL: 4   Next: 85%
MP   4/4         EV 13     Int  9      God:
Gold 127         SH  0     Dex 16      Spells:  0 memorised,  3 levels left

rFire  . . .     SeeInvis .     y - +1 blowgun
rCold  . . .     Clarity  .     d - +0 leather armour
rNeg   . . .     Conserve .     (no shield)
rPois  .         rCorr    .     (no helmet)
rElec  .         rRot     .     (no cloak)
SustAb . .       Spirit   .     v - +2 pair of gloves
rMut   .         Warding  .     (no boots)
Saprov + + .     Stasis   .     (no amulet)
MR     .....                    (no ring)
                                (no ring)

@: not resistant to hostile enchantments, fairly stealthy
A: disease resistance, carnivore 3, saprovore 2
a: no special abilities


You were on level 3 of the Dungeon.
You were very full.

You visited 1 branch of the dungeon, and saw 3 of its levels.

You collected 127 gold pieces.

Inventory:

Hand weapons
 a - a +0,+0 short sword
 b - a +1,+1 crossbow
 y - a +1 blowgun (weapon)
Missiles
 c - 14 bolts
 h - 34 poisoned needles (quivered)
 k - 24 darts
 w - 4 steel darts
Armour
 d - a +0 leather armour (worn)
 e - a +0 ring mail
 v - a +2 pair of gloves (worn)
Comestibles
 f - a meat ration
 u - a rotting chunk of giant newt flesh
 x - 2 rotting chunks of goblin flesh
 z - a chunk of goblin flesh
Scrolls
 i - 4 scrolls of fog {unknown}
 j - 3 scrolls of immolation {unknown}
 l - 4 scrolls of identify {unknown}
 n - 2 scrolls of remove curse {unknown}
 p - 2 scrolls of fear {unknown}
 q - a scroll of noise {unknown}
Jewellery
 s - a cursed ring of hunger {unknown}
Potions
 g - a potion of resistance {unknown}
 m - a potion of beneficial mutation {unknown}
 o - 3 potions of haste {unknown}
 t - a potion of degeneration {unknown}


   Skills:
 - Level 1.1 Fighting
 * Level 7.0 Crossbows
 + Level 0.3 Throwing
 - Level 2.4 Dodging
 - Level 1.3 Stealth


You had 3 spell levels left.
You didn't know any spells.

Dungeon Overview and Level Annotations

Branches:
Dungeon (3/15)

Altars:
Ashenzari

Annotations:
D:3 Sigmund


Innate Abilities, Weirdness & Mutations

You recuperate from illness quickly.
You are small and have problems with some larger weapons.
You are carnivorous and can eat meat at any time.
You can eat rotten meat.


Message History

Press: ? - help, Shift-Dir - straight line You shoot a poisoned needle.
The poisoned needle hits something.
Something hits you.
Firing (i - inventory. (,) - cycle):
h - 36 poisoned needles (quivered)
Press: ? - help, Shift-Dir - straight line You shoot a poisoned needle.
The poisoned needle hits something.
There is an escape hatch in the floor here.
The magic dart hits you! The puff of flame misses you.
Things that are here:
a dagger; a kobold corpse Firing (i - inventory. (,) - cycle):
h - 35 poisoned needles (quivered)
Press: ? - help, Shift-Dir - straight line You shoot a poisoned needle.
The poisoned needle hits something.
The puff of flame misses you. The puff of flame hits you!
One of your 2 scrolls labeled THORAW UCZEWI catches fire!
There is an escape hatch in the ceiling here.
The magic dart hits you!
You die...

#......# #.......
##(##### #.......
#)# ##....## #.#
####... #.# #..%..
########### #.#
#..... ..........#
#.# #.....
..........# #.#
#..... ....<.....#
#@# #.....
..........# #.#
#.....
..........######.##
#.....
[..>......'....#..##
#.....
..........####.....#
#...). ..........#
####..#########.....
..........#
##...............
########'##
####.######.....
###.# #.# ####.#


There were no monsters in sight!

Vanquished Creatures
  Terence (D:2)
  2 adders (D:2)
  2 giant geckos
  An ooze (D:3)
  2 orcs (D:3)
  2 ball pythons
  6 hobgoblins
  2 jackals (D:1)
  2 quokkas
  8 bats
  A giant cockroach (D:3)
  5 giant newts
  8 goblins
  8 kobolds
  11 rats
61 creatures vanquished.

Notes
Turn   | Place    | Note
--------------------------------------------------------------
     0 | D:1      | Psiweapon, the Kobold Hunter, began the quest for the Orb.
     0 | D:1      | Reached XP level 1. HP: 12/12 MP: 1/1
   129 | D:1      | Reached skill level 5 in Crossbows
   239 | D:1      | Reached XP level 2. HP: 16/16 MP: 2/2
   529 | D:1      | Found a shattered altar of Ashenzari.
   701 | D:1      | Reached XP level 3. HP: 20/20 MP: 3/3
   807 | D:2      | Reached skill level 6 in Crossbows
  1112 | D:2      | Reached XP level 4. HP: 22/25 MP: 4/4
  1119 | D:2      | Noticed Terence
  1127 | D:2      | HP: 1/25 [Terence/flail (13)]
  1129 | D:2      | Killed Terence
  2115 | D:3      | Reached skill level 7 in Crossbows
  2240 | D:3      | Noticed Sigmund
  2257 | D:3      | Killed from afar by Sigmund

Action                   |  1- 3 |  4- 6 || total
-------------------------+-------+-------++-------
Melee: Short sword       |    59 |    27 ||    86
 Fire: Crossbow          |    44 |    26 ||    70
       Blowgun           |       |     9 ||     9
Throw: Dart              |     9 |     5 ||    14
 Stab: Sleeping          |       |     1 ||     1
